 Dungeon Crawl Stone Soup version 0.27.0-1-g7a08968 (webtiles) character file.

Game seed: 11628598651050729354

2 Host24 the Bolt Thrower (level 1, 0/12 HPs)
             Began as a Kobold Hunter on Jan 25, 2022.
             Slain by a goblin (2 damage)
             ... on level 1 of the Dungeon.
             The game lasted 00:00:18 (56 turns).

Host24 the Bolt Thrower (Kobold Hunter)               Turns: 56, Time: 00:00:18

Health: 0/12       AC:  3    Str:  9    XL:     1   Next: 33%
Magic:  1/1        EV: 14    Int: 12    God:
Gold:   0          SH:  0    Dex: 15    Spells: 0/0 levels left

rFire    . . .     SeeInvis +   b - +0 short sword
rCold    . . .     Faith    .   (shield restricted)
rNeg     . . .     Spirit   .   c - +0 leather armour
rPois    .         Reflect  .   (no helmet)
rElec    .         Harm     .   (no cloak)
rCorr    .         Rampage  .   (no gloves)
Will     .....                  (no boots)
Stlth    +++.......             (no amulet)
HPRegen  0.04/turn              f - ring of see invisible
MPRegen  0.07/turn              (no ring)

@: no status effects
A: small, no large weapons, nightstalker 3
a: no special abilities


You were on level 1 of the Dungeon.
You visited 1 branch of the dungeon, and saw 1 of its levels.

Inventory:

Hand Weapons
 a - a +1 hand crossbow
 b - a +0 short sword (weapon)
Missiles
 d - 20 bolts
Armour
 c - a +0 leather armour (worn)
Jewellery
 f - a ring of see invisible (left hand)
Potions
 e - a potion of haste {unknown}


   Skills:
 - Level 2.1 Fighting
 + Level 5.0 Crossbows
 - Level 2.4 Dodging
 - Level 1.3 Stealth


You couldn't memorise any spells.
You didn't know any spells.
Your spell library was empty.

Dungeon Overview and Level Annotations

Branches:
Dungeon (1/15)

Altars:


Innate Abilities, Weirdness & Mutations

You are small and have problems with some larger weapons.
You are completely attuned to the shadows.


Message History

The goblin is moderately wounded.
The goblin barely misses you.
You hit the goblin.
The goblin is heavily wounded.
The goblin barely misses you.
You hit the goblin.
You kill the goblin!
Things that are here:
a +0 club; a goblin corpse
f - a ring of see invisible
Okay, then.
f - a ring of see invisible (left hand)
Found 3 scrolls of immolation.
Found a faded altar of an unknown god.
A rat comes into view.
Found 7 gold pieces.
A kobold comes into view. It is wielding a +0 club.
The kobold shouts!
You hit the rat but do no damage. The rat closely misses you.
The rat misses you.
You barely miss the rat. The kobold hits you with a +0 club.
A goblin comes into view. It is wielding a +0 club.
The rat barely misses you. The kobold misses you.
The goblin shouts!
You hit the rat.
You kill the rat!
The kobold closely misses you.
Your Crossbows skill increases to level 5!
The kobold hits you but does no damage.
You closely miss the kobold. The kobold hits you but does no damage.
The goblin closely misses you.
You barely miss the kobold. The kobold closely misses you.
The goblin closely misses you.
You hit the goblin.
The goblin is moderately wounded.
The goblin hits you with a +0 club. The kobold hits you with a +0 club.
* * * LOW HITPOINT WARNING * * *
You closely miss the goblin.
The goblin is moderately wounded.
The kobold hits you but does no damage. The goblin hits you with a +0 club.
You die...

....#####.....
..######......
..##......##.##
.)#.............
##..........#....##..
...#..........##.....
.#...#.###......#....
##.###. #......#K....
#.## #..##...@.... #
#...#..g_..#.
#......#.$#..
....#.##.#..#
.##...#...


You could see a goblin and a kobold.

Vanquished Creatures
  A goblin (D:1)
  A rat (D:1)
2 creatures vanquished.

Notes
Turn   | Place    | Note
-------+----------+-------------------------------------------
     0 | D:1      | Host24 the Kobold Hunter began the quest for the Orb.
     0 | D:1      | Reached XP level 1. HP: 12/12 MP: 1/1
    45 | D:1      | Found a faded altar of an unknown god.
    52 | D:1      | Reached skill level 5 in Crossbows
    56 | D:1      | Slain by a goblin

Illustrated notes

Levels and vault maps discovered:
D:1:      amcnicky_arrival_feature_with_door, layout_rooms,
          hellmonk_ecumenical_altar_blasted, minmay_misc_feat_columns,
          minmay_misc_feat_encased, st_stairs_14

Skill      XL: |  1 |
---------------+----+-----
Crossbows      | 5 |  5.0
Fighting       | |  2.1
Dodging        | |  2.4
Stealth        | |  1.3

Action                   || total
-------------------------++-------
Melee: Short sword       ||    10
Armor: Leather armour    ||     3
Dodge: Dodged            ||    10
